 Dungeon Crawl Stone Soup version 0.27.1-2-g3b301248ec (webtiles) character file.

Game seed: 3800216857413266715

67 Kinoniko the Chopper (level 3, -4/43 HPs)
             Began as a Demonspawn Berserker on Oct 1, 2021.
             Was a Believer of Trog.
             Succumbed to Crazy Yiuf's poison
             ... on level 2 of the Dungeon.
             The game lasted 00:01:20 (2128 turns).

Kinoniko the Chopper (Demonspawn Berserker)         Turns: 2128, Time: 00:01:20

Health: -4/43      AC:  2    Str: 18    XL:     3   Next: 98%
Magic:  0/3        EV: 12    Int:  8    God:    Trog [**....]
Gold:   40         SH:  0    Dex: 12    Spells: 2/2 levels left

rFire    . . .     SeeInvis .   a - +0 hand axe
rCold    . . .     Faith    .   (no shield)
rNeg     . . .     Spirit   .   b - +0 animal skin
rPois    .         Reflect  .   (no helmet)
rElec    .         Harm     .   (no cloak)
rCorr    .         Rampage  .   (no gloves)
Will     .....                  (no boots)
Stlth    ..........             (no amulet)
HPRegen  0.14/turn              (no ring)
MPRegen  0.08/turn              (no ring)

@: berserking (expiring), lethally poisoned (-4 -> -43), very quick
A: talons 1
a: Renounce Religion, Berserk, Trog's Hand


You were on level 2 of the Dungeon.
You worshipped Trog.
Trog was pleased with you.
You visited 1 branch of the dungeon, and saw 2 of its levels.

You collected 40 gold pieces.

Inventory:

Hand Weapons
 a - a +0 hand axe (weapon)
Armour
 b - a +0 animal skin (worn)
Scrolls
 c - a scroll of amnesia {unknown}
 f - a scroll of identify {unknown}
 g - a scroll of silence {unknown}
Potions
 d - 2 potions of curing {unknown}
 e - a potion of heal wounds {unknown}
 h - a potion of flight {unknown}


   Skills:
 - Level 3.0 Fighting
 * Level 4.4 Axes
 - Level 1.7 Armour
 - Level 1.7 Dodging


You had 2 spell levels left.
You didn't know any spells.
Your spell library contained the following spells:

 Spells                   Type           Power      Damage    Failure   Level
 Shock                    Conj/Air       0%         1d3       41%         1
 Slow                     Hex            0%         N/A       54%         2
 Confusing Touch          Hex            0%         N/A       78%         3
 Swiftness                Air            0%         N/A       78%         3
 Airstrike                Air            0%         N/A       99%         4
 Yara's Violent Unravell  Hex/Tmut       0%         3d3       100%        5


Dungeon Overview and Level Annotations

Branches:
Dungeon (2/15)

Altars:


Innate Abilities, Weirdness & Mutations

You have sharp toenails.


Message History

You see here a +2 vorpal mace.
Crazy Yiuf shouts!
You see here a +0 mace.
Found three maces.
You see here a +0 mace.
Crazy Yiuf says, "Flower!"
A red film seems to cover your vision as you go berserk!
You feel yourself moving faster!
You feel mighty!
Crazy Yiuf screams, "Peeping aubergine meccalolo!"
The door flies open with a bang!
You feel a strong urge to attack something.
Crazy Yiuf hits you with a +2 quarterstaff of chaos!
You are poisoned.
There is an open translucent door, spattered with blood here.
You barely miss Crazy Yiuf. You claw Crazy Yiuf!
Crazy Yiuf is moderately wounded.
You feel very sick.
Crazy Yiuf hits you with a +2 quarterstaff of chaos!
You feel your power leaking away.
You are too injured to fight recklessly!
You are too injured to fight recklessly!
You are too injured to fight recklessly!
You are too injured to fight recklessly!
You are too injured to fight recklessly!
You are too injured to fight recklessly!
You are too injured to fight recklessly!
You are too injured to fight recklessly!
Unknown command.
You hit Crazy Yiuf.
Crazy Yiuf is severely wounded.
* * * LOW HITPOINT WARNING * * *
You feel very sick.
Crazy Yiuf hits you with a +2 quarterstaff of chaos!
* * * LOW HITPOINT WARNING * * *
You are more poisoned.
You slash Crazy Yiuf! You claw Crazy Yiuf.
You feel the power of Trog in you as your rage grows.
You kill Crazy Yiuf!
Trog accepts your kill.
You die...

##..## #.# ♣....♣
#.# ♣)..♣♣ #.#
♣♣)♣♣ #.# ♣)♣♣
#.# ♣♣)♣
#.######## ♣)♣♣
#........# ♣♣)♣
##.###.#.# #@#
#.##..#.### #)))#
#...#...... #)))#
#..#..#.### #).)#
##.>##.#.# #
##### #........#
# #.###.#### #
#########.# #†# #
#.##....#.###.###
#
#.##....##......#


There were no monsters in sight!

Vanquished Creatures
  Crazy Yiuf (D:2)
  An adder (D:2)
  2 worms (D:2)
  3 dart slugs (D:1)
  8 endoplasms
  4 giant cockroaches
  6 goblins (D:1)
  A hobgoblin (D:2)
  4 kobolds
  A quokka (D:2)
  4 ball pythons
  4 bats
  2 frilled lizards (D:2)
  2 rats (D:1)
43 creatures vanquished.

Notes
Turn   | Place    | Note
-------+----------+-------------------------------------------
     0 | D:1      | Kinoniko the Demonspawn Berserker began the quest for the
                  | Orb.
     0 | D:1      | Reached XP level 1. HP: 18/18 MP: 1/1
    23 | D:1      | Reached skill level 3 in Axes
   214 | D:1      | Gained mutation: You have sharp toenails. [demonic
                  | ancestry]
   214 | D:1      | Reached XP level 2. HP: 18/24 MP: 2/2
   659 | D:1      | Reached ** piety under Trog
   660 | D:1      | Reached XP level 3. HP: 28/29 MP: 3/3
  1353 | D:1      | Reached skill level 4 in Axes
  2118 | D:2      | Found a runed translucent door.
  2119 | D:2      | Noticed Crazy Yiuf
  2127 | D:2      | HP: 2/43 [Crazy Yiuf (9)]
  2128 | D:2      | Killed Crazy Yiuf
  2128 | D:2      | Succumbed to Crazy Yiuf's poison

Illustrated notes

Levels and vault maps discovered:
D:1:      tarquinn_simple_flora_water_b, layout_loops_corners, minmay_unequal
D:2:      layout_loops_cross, uniq_crazy_yiuf_cottage

Skill      XL: |  1  2  3 |
---------------+----------+-----
Axes           | 3 4 |  4.4
Fighting       | |  3.0
Armour         | |  1.7
Dodging        | |  1.7

Action                   || total
-------------------------++-------
Melee: Hand axe          ||    96
       Kick              ||    23
Invok: Berserk           ||     3
 Stab: Sleeping          ||     3
Armor: Animal skin       ||    14
Dodge: Dodged            ||    76
